Map: Ulrena

Players

LilDicky - Winner!

  • Race: Terran Terran
  • League: Gold

NoBwayno

  • Race: Zerg Zerg
  • League: Silver

VOD

http://www.twitch.tv/tumescentpie

Description

Time

  • Played on: Nov. 20, 2015, 12:33 a.m.
  • Length: 4:16
Show
View Real Time Build Order
Export as new Build Order

LilDicky Terran - Winner!

Build Orders: 1/1/1 

Get SALT Encoding   

  12  0:03  SCV  
  13  0:15  SCV  
  13  0:20  Supply Depot  
  14  0:27  SCV  
  15  0:36  Refinery  
  15  0:42  SCV  
  16  0:46  Barracks  
  16  0:54  SCV  
  17  1:07  SCV  
  18  1:19  SCV  
  18  1:21  Refinery  
  19  1:31  SCV  
  20  1:32  Marine  
  20  1:34  Supply Depot  
  21  1:40  Factory  
  21  1:46  Orbital Command  
  21  1:50  Marine  
  22  2:08  Marine  
  23  2:17  SCV  
  24  2:27  Factory Tech Lab  
  24  2:28  Starport  
  24  2:29  Marine  
  24  2:47  Marine  
  22  3:05  Supply Depot, Marine  
  21  3:13  Siege Tank  
  21  3:23  Marine  
  22  3:39  SCV  
  23  3:44  Medivac  
  24  3:56  Marine  
Show
View Real Time Build Order
Export as new Build Order

NoBwayno Zerg 

Build Orders: Pool Only, Zergling Baneling 

Get SALT Encoding   

  13  0:11  Extractor  
  11  0:28  Spawning Pool  
  10  0:31  Drone x2  
  12  0:41  Drone  
  13  0:54  Overlord  
  13  1:15  Zergling x6  
  16  1:29  Metabolic Boost  
  16  1:36  Zergling x2  
  16  1:37  Baneling Nest  
  16  1:52  Zergling x4  
  18  2:03  Zergling x2  
  19  2:18  Zergling x2  
  19  2:21  Baneling  
  19  2:22  Baneling x4  
  20  2:31  Zergling x2  
  20  2:32  Zergling x2  
  17  3:03  Zergling x6  
  18  3:24  Zergling x2  
  17  3:29  Zergling x2  
  17  3:35  Baneling x3  
  17  3:36  Baneling x3  
  17  3:38  Queen  
  17  3:40  Drone  
Tags
 
Add a new tag
Caveats
  • Supply blocks, unpowered buildings, or Contaminate may cause inaccurate times.
  • Supply counts are checked every 10 seconds.